 Dungeon Crawl Stone Soup version 0.32-a0-290-g598725c5f2 (webtiles) character file.

Game seed: 15071841311429353808

120170 cforsyth the Slayer (level 17, 0/146 HPs)
             Began as a Djinni Hexslinger on Feb 13, 2024.
             Slain by an anaconda simulacrum (3 damage)
             ... summoned by an orange crystal statue
             ... in an ice cave.
             The game lasted 01:05:58 (45891 turns).

cforsyth the Slayer (Djinni Hexslinger)            Turns: 45891, Time: 01:05:58

Health: 0/146      AC: 12    Str:  7    XL:     17   Next: 36%
Gold:   1453       EV:  9    Int: 28    God:
                   SH:  0    Dex: 16

rFire   + + .        (no weapon)
rCold   + + +        (no shield)
rNeg    . . .        Y - +4 skin of Zhor {*Englaciate rC+++ SInv}
rPois   ∞            o - +3 crown of Dyrovepreva {rElec Int+2 SInv}
rElec   +            j - +0 cloak
rCorr   .            q - +1 pair of gloves
SInv    +            (boots unavailable)
Will    +....        O - amulet of the acrobat
Stlth   +            z - ring "Olisudaike" {rElec rC+ Int+3}
HPRegen 0.44/turn    C - ring of protection from cold
MPRegen 0.00/turn

%: acrobat, infuse magic (-1 HP)
@: spiked, flying, constricted
A: sickness immunity, fire resistance 2, cold vulnerability 1, float, innate
caster, HP casting, extra vitality 1
a: no special abilities


You were in an ice cave.
You visited 4 branches of the dungeon, and saw 23 of its levels.
You also visited: Sewer, Ice Cave and Volcano.

You collected 2315 gold pieces.
You spent 862 gold pieces at shops.


Innate Abilities, Weirdness & Mutations

You are immune to sickness and miasma.
You are immune to poison.
Your flesh is very heat resistant. (rF++)
You are vulnerable to cold. (rC-)
You float through the air rather than walking.
You learn spells naturally, not from books.
Your magical power is your life essence.
You have superior vitality. (+4 MHP)


   Skills:
 + Level 21.1 Fighting
 - Level 1.5 Ranged Weapons
 - Level 2.1 Dodging
 + Level 16.4 Spellcasting
 + Level 16.4 Conjurations
 + Level 16.4 Hexes
 + Level 16.4 Summonings
 + Level 16.4 Necromancy
 + Level 16.4 Translocations
 + Level 16.4 Fire Magic
 + Level 16.4 Ice Magic
 + Level 16.4 Air Magic
 + Level 16.4 Earth Magic
 + Level 16.4 Alchemy


You knew the following spells:

 Your Spells              Type           Power      Damage    Failure   Level
a - Kiss of Death         Conj/Necr      100%       2d13      0%          1
b - Scorch                Fire           100%       2d9       0%          2
c - Cause Fear            Hex            43%        N/A       1%          4
d - Volatile Blastmotes   Fire/Tloc      100%       2d18      0%          3
e - Airstrike             Air            43%        2d(7-23)  1%          4
f - Inner Flame           Hex/Fire       86%        N/A       0%          3
g - Flame Wave            Conj/Fire      86%        2d18      1%          4
h - Freezing Cloud        Conj/Ice/Air   43%        6-21      1%          5
i - Starburst             Conj/Fire      43%        6d12      1%          6
j - Plasma Beam           Fire/Air       43%        2x1d57    1%          6
X - Jinxbite              Hex            100%       N/A       0%          2
Y - Sigil of Binding      Hex            86%        N/A       0%          3
Z - Dimensional Bullseye  Hex/Tloc       43%        N/A       1%          4
Your spell library was empty.

Inventory:

Hand Weapons
 a - a +2 heavy sling
Armour
 j - a +0 cloak (worn)
 o - the +3 crown of Dyrovepreva (worn) {rElec Int+2 SInv}
   (You acquired it on level 13 of the Dungeon)

   Int+2:     It affects your intelligence (+2).
   rElec:     It insulates you from electricity.
   SInv:      It lets you see invisible.
 q - a +1 pair of gloves (worn)
 S - a +2 robe of fire resistance
 Y - the +4 skin of Zhor (worn) {*Englaciate rC+++ SInv}
   (You found it on level 2 of the Lair of Beasts)

   *Englaciate: It radiates cold, occasionally slowing all nearby creatures who
   are not resistant to cold.
   rC+++:     It renders you almost immune to cold.
   SInv:      It lets you see invisible.
Magical Staves
 P - a staff of earth {!a}
 W - a staff of conjuration {!a}
Jewellery
 c - a ring of ice
 z - the ring "Olisudaike" (left hand) {rElec rC+ Int+3}
   (You bought it in a shop on level 2 of the Dungeon)

   [ring of protection from cold]

   Int+3:     It affects your intelligence (+3).
   rC+:       It protects you from cold.
   rElec:     It insulates you from electricity.
 C - a ring of protection from cold (right hand)
 N - a ring of positive energy
 O - an amulet of the acrobat (around neck)
 R - a ring of resist corrosion
 U - the ring "Uciwi" {Str+6 Int+5}
   (You found it on level 2 of the Lair of Beasts)

   [ring of strength]

   Str+6:     It affects your strength (+6).
   Int+5:     It affects your intelligence (+5).
Wands
 n - a wand of roots (21)
 p - a wand of light (14)
 A - a wand of paralysis (22)
 E - a wand of flame (13)
 J - a wand of mindburst (10)
 K - a wand of polymorph (11)
Scrolls
 b - 2 scrolls of poison
 g - 2 scrolls of immolation
 i - a scroll of vulnerability
 u - 4 scrolls of blinking
 x - 3 scrolls of identify {@r1}
 y - 2 scrolls of noise {unknown}
 D - 4 scrolls of amnesia {unknown}
 F - 3 scrolls of fear
 G - 2 scrolls of teleportation {@r2}
 I - a scroll of enchant armour
 L - 6 scrolls of fog
 M - a scroll of enchant weapon
 T - a scroll of brand weapon
 Z - 4 scrolls of silence {unknown}
Potions
 d - 3 potions of attraction
 e - 6 potions of curing {@q1}
 f - 2 potions of enlightenment
 h - 6 potions of heal wounds {@q2}
 k - 3 potions of invisibility
 l - 3 potions of brilliance
 m - 3 potions of cancellation
 r - 2 potions of resistance
 s - 4 potions of might
 t - a potion of haste {@q3}
 v - 3 potions of lignification
 w - 2 potions of berserk rage {!q}
 H - 3 potions of mutation
 X - a potion of ambrosia
Miscellaneous
 Q - a lightning rod (4/4)
 V - a phial of floods

Dungeon Overview and Level Annotations

Branches:
Dungeon (15/15)            Temple (0/1) D:4            Lair (5/5) D:10
 Shoals (0/4) Lair:2        Snake (1/4) Lair:3        Slime (0/5) Lair:4
    Orc (2/2) D:12            Elf (0/3) Orc:2        Vaults (0/5) D:14
 Depths (0/4) D:15          Sewer (visited)           IceCv (1/1)
Volcano (visited)

Altars:
Ashenzari
Dithmenos
Fedhas
Gozag
Hepliaklqana
Makhleb
Qazlal
Ru
Wu Jian
Zin
The Shining One
Beogh

Shops:
D:2 [=   D:7 (:(   D:12 [   D:13 *   Orc:2 ?*[*=*

Portals:
Pandemonium: Orc:2
Trove: D:10 (give Spriggan's Knife)

Annotations:
D:4 1 runed translucent door, Crazy Yiuf
Lair:2 3 runed translucent doors, Zyoxi's ghost, journeyman VSCK IceCv exclusions: obsidian statue and orange crystal statue

# ##........##
#. ##..........#
...#..........##
...............#
#.Z..÷.......#
#..Z...Z...#
###I#.4ZZ#I#
####3Z#### #.@##
##..## ##..#
##...# ##...##
#...## #...##
##...# ##...##


You could see a sun demon (summoned, slow), a red devil (summoned, slow), an
anaconda simulacrum (summoned), a lindwurm simulacrum (wandering), 2 minotaur
simulacra and a deep troll simulacrum (summoned).


Message History

* * * LOW HITPOINT WARNING * * *
The anaconda simulacrum freezes you. You resist.
* * * LOW HITPOINT WARNING * * *
The anaconda simulacrum constricts you.
* * * LOW HITPOINT WARNING * * *
The red devil hits you from afar with a +0 trident!
* * * LOW HITPOINT WARNING * * *
Barbed spikes become lodged in your body.
Unknown command.
Unknown command.
Okay, then.
Unknown command.
Your magical effects are unravelling.
You feel magically purged.
You feel yourself slow down.
The anaconda simulacrum closely misses you.
The anaconda simulacrum constricts you.
Unknown command.
You feel much better. The anaconda simulacrum bites you!
* * * LOW HITPOINT WARNING * * *
The anaconda simulacrum freezes you. You resist.
* * * LOW HITPOINT WARNING * * *
The anaconda simulacrum constricts you.
* * * LOW HITPOINT WARNING * * *
The sun demon hits you!
* * * LOW HITPOINT WARNING * * *
You are engulfed in flames.
You resist.
* * * LOW HITPOINT WARNING * * *
The anaconda simulacrum bites you.
You die...

Skill      XL: |  1  2  3  4  5  6  7  8  9 10 11 12 13 14 15 16 17 |
---------------+----------------------------------------------------+-----
Spellcasting   | 3 4 5 6 7 9 10 11 12 14 15 16 | 16.4
Conjurations   | 3 4 5 6 7 9 10 11 12 14 15 16 | 16.4
Hexes          | 3 4 5 6 7 9 10 11 12 14 15 16 | 16.4
Summonings     | 3 4 5 6 7 9 10 11 12 14 15 16 | 16.4
Necromancy     | 3 4 5 6 7 9 10 11 12 14 15 16 | 16.4
Translocations | 3 4 5 6 7 9 10 11 12 14 15 16 | 16.4
Fire Magic     | 3 4 5 6 7 9 10 11 12 14 15 16 | 16.4
Ice Magic      | 3 4 5 6 7 9 10 11 12 14 15 16 | 16.4
Air Magic      | 3 4 5 6 7 9 10 11 12 14 15 16 | 16.4
Earth Magic    | 3 4 5 6 7 9 10 11 12 14 15 16 | 16.4
Alchemy        | 3 4 5 6 7 9 10 11 12 14 15 16 | 16.4
Fighting       | 2 3 5 7 9 11 13 14 16 17 19 20 21 | 21.1
Ranged Weapons | |  1.5
Dodging        | |  2.1

Action                     |  1- 3 |  4- 6 |  7- 9 | 10-12 | 13-15 | 16-18 || total
---------------------------+-------+-------+-------+-------+-------+-------++-------
  Melee: Unarmed           |       |       |       |       |     6 |       ||     6
   Fire: Sling             |    85 |    50 |    39 |       |       |       ||   174
   Cast: Inner Flame       |       |     8 |    55 |   104 |   215 |   101 ||   483
         Scorch            |       |    44 |    47 |     1 |     2 |       ||    94
         Airstrike         |       |       |    59 |   193 |   624 |   328 ||  1204
         Cause Fear        |       |       |       |     7 |     6 |     4 ||    17
         Freezing Cloud    |       |       |       |       |     3 |     3 ||     6
         Starburst         |       |       |       |       |       |    15 ||    15
         Plasma Beam       |       |       |       |       |       |    23 ||    23
    Use: Scroll            |       |     6 |     1 |    18 |     8 |     2 ||    35
         Potion            |       |       |       |     1 |     3 |     5 ||     9
 Armour: Robe              |    39 |    14 |    26 |    40 |    20 |       ||   139
         Leather armour    |       |       |       |    37 |   115 |       ||   152
         Animal skin       |       |       |       |       |    90 |   122 ||   212
  Dodge: Dodged            |    56 |     4 |    12 |    38 |    98 |   110 ||   318

Levels and vault maps discovered:
D:1:      co_arrival_square_in_a_square_in_a_square, layout_basic,
          shapermc_ecumenical_altar_notcrosses, due_unseen_surprise
D:2:      layout_rooms, serial_shops, shop, shop
D:3:      layout_basic, nicolae_dithmenos_the_darkroom
D:4:      nicolae_cairo_tiling, layout_basic,
          minmay_temple_entry_gardened_gates, cheibrodos_sewer_entry_bend,
          uniq_sigmund, uniq_crazy_yiuf_cottage
D:5:      layout_rooms, feat_on_display
D:6:      layout_basic, mainiacjoe_overflow_alcove_2
D:7:      layout_gridville, serial_shops, shop, nicolae_shop_hallway_stairs,
          shop
D:8:      layout_basic, mainiacjoe_overflow_surrounded_room,
          mainiacjoe_overflow_six_doors_small, feat_on_display, uniq_erica,
          uniq_grum, uniq_gastronok
D:9:      layout_loops_ring, minitemple, minmay_fractal_squares_5
D:10:     layout_loops_ring, nicolae_vehumet_radiance, lair_entry_dummy,
          nicolae_trove_entry_crossroad
D:11:     layout_roguey
D:12:     layout_loops_corners, minmay_orc_entry_temple_small, serial_shops,
          shop_statue, amcnicky_mini_pool_medium
D:13:     layout_basic, nicolae_shop_fire_sale [nicolae_sub_dead_trees],
          evilmike_ruin_ashenzari, uniq_urug
D:14:     layout_roguey, erik_vaults_2, serial_bayou_shore_a, minmay_misc_feat_x
D:15:     gammafunk_enter_depths_forms, layout_long_grid, uniq_rupert
Lair:1:   layout_gridlike, grunt_forest_large_clearings, grunt_megastairs_3
Lair:2:   layout_cave_pods, minmay_shoals_entry_lonely_mermaid, enter_volcano_1,
          gammafunk_ghost_hydra_chop, hellmonk_guarded_unrand_zhor,
          infiniplex_staircase_pool
Lair:3:   layout_cave_pods, guppyfry_snake_entry_island, grunt_megastairs_4
Lair:4:   layout_roguey, nicolae_slime_entry_slimehenge, grunt_megastairs_5,
          serial_bayou_shore_b
Lair:5:   evilmike_catoblepas_cave, layout_regular_city, serial_rivers,
          chequers_serial_rivers_large_a, chequers_serial_rivers_small_b,
          chequers_serial_rivers_small_3, chequers_serial_rivers_room_b,
          chequers_serial_rivers_room_b, chequers_serial_rivers_marsh,
          minivault_19, dreamdust_gnoll_shepherd
Snake:1:  layout_cave_shapes, portal_ice_cave_entry_pillars_1,
          grunt_ministairs_12, serial_bayou_shore_b, lemuel_fruit_tree
Orc:1:    layout_caves
Orc:2:    pf_orc_diabolical, layout_caves, serial_shops,
          nicolae_shop_back_alley_shop, nicolae_shop_gadgets, uniq_donald
IceCv:    ice_cave_small_demon

Notes
Turn   | Place    | Note
-------+----------+-------------------------------------------
     0 | D:1      | cforsyth the Djinni Hexslinger began the quest for the Orb.
     0 | D:1      | cforsyth set off with the following spells memorised:
                  | Jinxbite, Sigil of Binding, Inner Flame, Cause Fear,
                  | Dimensional Bullseye.
     0 | D:1      | Reached XP level 1. HP: 17/17 MP: 0/0
   105 | D:1      | Reached XP level 2. HP: 14/22 MP: 0/0
   234 | D:1      | Found a faded altar of an unknown god.
   442 | D:1      | Reached skill level 3 in Spellcasting
   442 | D:1      | Reached skill level 3 in Conjurations
   442 | D:1      | Reached skill level 3 in Hexes
   442 | D:1      | Reached skill level 3 in Summonings
   442 | D:1      | Reached skill level 3 in Necromancy
   442 | D:1      | Reached skill level 3 in Translocations
   442 | D:1      | Reached skill level 3 in Fire Magic
   442 | D:1      | Reached skill level 3 in Ice Magic
   442 | D:1      | Reached skill level 3 in Air Magic
   442 | D:1      | Reached skill level 3 in Earth Magic
   442 | D:1      | Reached skill level 3 in Alchemy
   533 | D:1      | Reached skill level 2 in Fighting
   533 | D:1      | Reached XP level 3. HP: 22/28 MP: 0/0
   533 | D:1      | Learned a level 1 spell: Kiss of Death
   725 | D:2      | Found Ifigul's Armour Shop.
   806 | D:2      | Reached XP level 4. HP: 33/34 MP: 0/0
   820 | D:2      | Found Ruwe's Jewellery Shoppe.
  1032 | D:1      | HP: 3/34 [spore (17)]
  1033 | D:1      | Reached skill level 3 in Fighting
  1173 | D:2      | Reached XP level 5. HP: 30/40 MP: 0/0
  1173 | D:2      | Learned a level 2 spell: Scorch
  1425 | D:3      | Reached XP level 6. HP: 30/47 MP: 0/0
  1427 | D:3      | Reached skill level 4 in Spellcasting
  1427 | D:3      | Reached skill level 4 in Conjurations
  1427 | D:3      | Reached skill level 4 in Hexes
  1427 | D:3      | Reached skill level 4 in Summonings
  1427 | D:3      | Reached skill level 4 in Necromancy
  1427 | D:3      | Reached skill level 4 in Translocations
  1427 | D:3      | Reached skill level 4 in Fire Magic
  1427 | D:3      | Reached skill level 4 in Ice Magic
  1427 | D:3      | Reached skill level 4 in Air Magic
  1427 | D:3      | Reached skill level 4 in Earth Magic
  1427 | D:3      | Reached skill level 4 in Alchemy
  1494 | D:3      | Reached skill level 4 in Fighting
  2179 | D:3      | Found a shadowy altar of Dithmenos.
  2596 | D:4      | Found a staircase to the Ecumenical Temple.
  2633 | D:4      | Noticed Sigmund
  2637 | D:4      | Killed Sigmund
  2638 | D:4      | Reached skill level 5 in Fighting
  2638 | D:4      | Reached XP level 7. HP: 39/54 MP: 0/0
  2638 | D:4      | Learned a level 3 spell: Volatile Blastmotes
  2680 | D:4      | Reached skill level 5 in Spellcasting
  2680 | D:4      | Reached skill level 5 in Conjurations
  2680 | D:4      | Reached skill level 5 in Hexes
  2680 | D:4      | Reached skill level 5 in Summonings
  2680 | D:4      | Reached skill level 5 in Necromancy
  2680 | D:4      | Reached skill level 5 in Translocations
  2680 | D:4      | Reached skill level 5 in Fire Magic
  2680 | D:4      | Reached skill level 5 in Ice Magic
  2680 | D:4      | Reached skill level 5 in Air Magic
  2680 | D:4      | Reached skill level 5 in Earth Magic
  2680 | D:4      | Reached skill level 5 in Alchemy
  2854 | D:4      | Found a glowing drain.
  2875 | Sewer    | Entered a sewer
  2951 | Sewer    | Reached XP level 8. HP: 55/61 MP: 0/0
  3240 | D:4      | Reached skill level 6 in Fighting
  3423 | D:4      | Found a runed translucent door.
  3424 | D:4      | Noticed Crazy Yiuf
  3739 | D:5      | Entered Level 5 of the Dungeon
  3915 | D:5      | Reached skill level 7 in Fighting
  4115 | D:5      | Reached skill level 6 in Spellcasting
  4115 | D:5      | Reached skill level 6 in Conjurations
  4115 | D:5      | Reached skill level 6 in Hexes
  4115 | D:5      | Reached skill level 6 in Summonings
  4115 | D:5      | Reached skill level 6 in Necromancy
  4115 | D:5      | Reached skill level 6 in Translocations
  4115 | D:5      | Reached skill level 6 in Fire Magic
  4115 | D:5      | Reached skill level 6 in Ice Magic
  4115 | D:5      | Reached skill level 6 in Air Magic
  4115 | D:5      | Reached skill level 6 in Earth Magic
  4115 | D:5      | Reached skill level 6 in Alchemy
  4174 | D:5      | You are sucked into a shaft and drop 2 floors!
  4283 | D:7      | Found Vureab's Antique Weapon Boutique.
  4347 | D:7      | Reached XP level 9. HP: 48/68 MP: 0/0
  4347 | D:7      | Learned a level 4 spell: Airstrike
  4572 | D:7      | Identified the +0 chain mail "Vuiherr" {rC+}
  4771 | D:7      | Reached skill level 8 in Fighting
  5205 | D:6      | Reached skill level 7 in Spellcasting
  5205 | D:6      | Reached skill level 7 in Conjurations
  5205 | D:6      | Reached skill level 7 in Hexes
  5205 | D:6      | Reached skill level 7 in Summonings
  5205 | D:6      | Reached skill level 7 in Necromancy
  5205 | D:6      | Reached skill level 7 in Translocations
  5205 | D:6      | Reached skill level 7 in Fire Magic
  5205 | D:6      | Reached skill level 7 in Ice Magic
  5205 | D:6      | Reached skill level 7 in Air Magic
  5205 | D:6      | Reached skill level 7 in Earth Magic
  5205 | D:6      | Reached skill level 7 in Alchemy
  5682 | D:6      | Found an opulent altar of Gozag.
  6070 | D:7      | Found Ofujoixu's Book Emporium.
  6089 | D:7      | Reached skill level 9 in Fighting
  6492 | D:7      | Found Gipsiadgh's Weapon Shop.
  7098 | D:8      | Noticed Erica
  7240 | D:8      | Killed Erica
  7241 | D:8      | Reached XP level 10. HP: 27/80 MP: 0/0
  7567 | D:8      | Found a sacrificial altar of Ru.
  7586 | D:8      | Reached skill level 10 in Fighting
  7586 | D:8      | Reached skill level 8 in Spellcasting
  7586 | D:8      | Reached skill level 8 in Conjurations
  7586 | D:8      | Reached skill level 8 in Hexes
  7586 | D:8      | Reached skill level 8 in Summonings
  7586 | D:8      | Reached skill level 8 in Necromancy
  7586 | D:8      | Reached skill level 8 in Translocations
  7586 | D:8      | Reached skill level 8 in Fire Magic
  7586 | D:8      | Reached skill level 8 in Ice Magic
  7586 | D:8      | Reached skill level 8 in Air Magic
  7586 | D:8      | Reached skill level 8 in Earth Magic
  7586 | D:8      | Reached skill level 8 in Alchemy
  7977 | D:8      | Noticed Grum
  8371 | D:8      | Killed Grum
  8414 | D:8      | Noticed Gastronok
  8635 | D:8      | Reached skill level 11 in Fighting
  8694 | D:8      | Found a glowing golden altar of the Shining One.
  8754 | D:8      | Found a glowing golden altar of the Shining One.
  8994 | D:8      | Found a sacrificial altar of Ru.
  9011 | D:8      | Killed Gastronok
  9012 | D:8      | Reached skill level 9 in Spellcasting
  9012 | D:8      | Reached skill level 9 in Conjurations
  9012 | D:8      | Reached skill level 9 in Hexes
  9012 | D:8      | Reached skill level 9 in Summonings
  9012 | D:8      | Reached skill level 9 in Necromancy
  9012 | D:8      | Reached skill level 9 in Translocations
  9012 | D:8      | Reached skill level 9 in Fire Magic
  9012 | D:8      | Reached skill level 9 in Ice Magic
  9012 | D:8      | Reached skill level 9 in Air Magic
  9012 | D:8      | Reached skill level 9 in Earth Magic
  9012 | D:8      | Reached skill level 9 in Alchemy
  9012 | D:8      | Reached XP level 11. HP: 65/87 MP: 0/0
  9012 | D:8      | Learned a level 4 spell: Flame Wave
  9501 | D:9      | Found a stormy altar of Qazlal.
  9505 | D:9      | Found a blossoming altar of Fedhas.
  9506 | D:9      | Found a hazy altar of Hepliaklqana.
  9507 | D:9      | Found a burning altar of Makhleb.
  9510 | D:9      | Found a glowing silver altar of Zin.
  9511 | D:9      | Found an ornate altar of the Wu Jian Council.
 10178 | D:9      | Reached skill level 12 in Fighting
 10913 | D:10     | Entered Level 10 of the Dungeon
 10944 | D:9      | Reached skill level 10 in Spellcasting
 10944 | D:9      | Reached skill level 10 in Conjurations
 10944 | D:9      | Reached skill level 10 in Hexes
 10944 | D:9      | Reached skill level 10 in Summonings
 10944 | D:9      | Reached skill level 10 in Necromancy
 10944 | D:9      | Reached skill level 10 in Translocations
 10944 | D:9      | Reached skill level 10 in Fire Magic
 10944 | D:9      | Reached skill level 10 in Ice Magic
 10944 | D:9      | Reached skill level 10 in Air Magic
 10944 | D:9      | Reached skill level 10 in Earth Magic
 10944 | D:9      | Reached skill level 10 in Alchemy
 11709 | D:9      | Found a stormy altar of Qazlal.
 11712 | D:9      | Found a hazy altar of Hepliaklqana.
 11713 | D:9      | Found a blossoming altar of Fedhas.
 11715 | D:9      | Found a burning altar of Makhleb.
 11716 | D:9      | Found a glowing silver altar of Zin.
 11719 | D:9      | Found an ornate altar of the Wu Jian Council.
 11947 | D:10     | Found a staircase to the Lair.
 12098 | D:10     | Found a portal to a secret trove of treasure.
 12327 | D:10     | Reached skill level 13 in Fighting
 12591 | D:10     | Reached XP level 12. HP: 72/98 MP: 0/0
 12714 | D:10     | Identified 2 potions of resistance
 13074 | D:2      | Bought the ring "Olisudaike" {rElec rC+ Int+3} for 498 gold
                  | pieces
 14248 | D:11     | Noticed a two-headed ogre
 14252 | D:11     | Killed a two-headed ogre
 14453 | D:12     | Found a staircase to the Orcish Mines.
 14748 | D:12     | Found a roughly hewn altar of Beogh.
 15006 | D:12     | Reached skill level 14 in Fighting
 15006 | D:12     | Reached skill level 11 in Spellcasting
 15006 | D:12     | Reached skill level 11 in Conjurations
 15006 | D:12     | Reached skill level 11 in Hexes
 15006 | D:12     | Reached skill level 11 in Summonings
 15006 | D:12     | Reached skill level 11 in Necromancy
 15006 | D:12     | Reached skill level 11 in Translocations
 15006 | D:12     | Reached skill level 11 in Fire Magic
 15006 | D:12     | Reached skill level 11 in Ice Magic
 15006 | D:12     | Reached skill level 11 in Air Magic
 15006 | D:12     | Reached skill level 11 in Earth Magic
 15006 | D:12     | Reached skill level 11 in Alchemy
 15487 | D:12     | Noticed a boulder beetle
 15492 | D:12     | Killed a boulder beetle
 15716 | D:12     | Found Fueraun's Antique Armour Shop.
 16246 | D:12     | Noticed a two-headed ogre
 16251 | D:12     | Killed a two-headed ogre
 16273 | D:12     | Noticed a boulder beetle
 16286 | D:12     | Killed a boulder beetle
 16619 | D:13     | Identified 2 scrolls of acquirement
 16619 | D:13     | Acquired 242 gold pieces
 16621 | D:13     | Acquired the +3 crown of Dyrovepreva {rElec Int+2 SInv}
 16621 | D:13     | Found the +3 crown of Dyrovepreva {rElec Int+2 SInv}
 16714 | D:13     | Reached XP level 13. HP: 86/106 MP: 0/0
 16714 | D:13     | Learned a level 5 spell: Freezing Cloud
 17045 | D:13     | Noticed Urug
 17049 | D:13     | Killed Urug
 17293 | D:13     | Noticed a centaur warrior
 17297 | D:13     | Killed a centaur warrior
 17298 | D:13     | Reached skill level 15 in Fighting
 17747 | D:13     | Found a broken altar of Ashenzari.
 17885 | D:13     | Found Oluzo's Fire Supplies.
 17894 | D:13     | Reached skill level 12 in Spellcasting
 17894 | D:13     | Reached skill level 12 in Conjurations
 17894 | D:13     | Reached skill level 12 in Hexes
 17894 | D:13     | Reached skill level 12 in Summonings
 17894 | D:13     | Reached skill level 12 in Necromancy
 17894 | D:13     | Reached skill level 12 in Translocations
 17894 | D:13     | Reached skill level 12 in Fire Magic
 17894 | D:13     | Reached skill level 12 in Ice Magic
 17894 | D:13     | Reached skill level 12 in Air Magic
 17894 | D:13     | Reached skill level 12 in Earth Magic
 17894 | D:13     | Reached skill level 12 in Alchemy
 18586 | Lair:1   | Entered Level 1 of the Lair of Beasts
 19792 | Lair:1   | Reached skill level 16 in Fighting
 20300 | Lair:2   | Found a runed translucent gate.
 20301 | Lair:2   | Found a runed translucent gate.
 20324 | Lair:2   | Found a dark tunnel.
 20357 | Volcano  | Entered a volcano
 20913 | Volcano  | Reached XP level 14. HP: 97/117 MP: 0/0
 21820 | Lair:2   | Noticed Zyoxi's ghost (journeyman VSCK)
 21822 | Lair:2   | Found a runed translucent gate.
 21940 | Lair:2   | Reached skill level 13 in Spellcasting
 21940 | Lair:2   | Reached skill level 13 in Conjurations
 21940 | Lair:2   | Reached skill level 13 in Hexes
 21940 | Lair:2   | Reached skill level 13 in Summonings
 21940 | Lair:2   | Reached skill level 13 in Necromancy
 21940 | Lair:2   | Reached skill level 13 in Translocations
 21940 | Lair:2   | Reached skill level 13 in Fire Magic
 21940 | Lair:2   | Reached skill level 13 in Ice Magic
 21940 | Lair:2   | Reached skill level 13 in Air Magic
 21940 | Lair:2   | Reached skill level 13 in Earth Magic
 21940 | Lair:2   | Reached skill level 13 in Alchemy
 23090 | Lair:2   | Found the +4 skin of Zhor {*Englaciate rC+++ SInv}
 23128 | Lair:2   | Reached skill level 17 in Fighting
 23507 | Lair:2   | Identified the ring "Uciwi" {Str+6 Int+5}
 24590 | Lair:2   | Found a staircase to the Shoals.
 25882 | Lair:3   | Found a staircase to the Snake Pit.
 27392 | D:12     | Bought a pair of fine gloves for 237 gold pieces
 27392 | D:12     | Identified the +2 pair of gloves of Feral Creativity {Harm}
                  | (You bought it in a shop on level 12 of the Dungeon)
 27982 | Lair:4   | Reached skill level 14 in Spellcasting
 27982 | Lair:4   | Reached skill level 14 in Conjurations
 27982 | Lair:4   | Reached skill level 14 in Hexes
 27982 | Lair:4   | Reached skill level 14 in Summonings
 27982 | Lair:4   | Reached skill level 14 in Necromancy
 27982 | Lair:4   | Reached skill level 14 in Translocations
 27982 | Lair:4   | Reached skill level 14 in Fire Magic
 27982 | Lair:4   | Reached skill level 14 in Ice Magic
 27982 | Lair:4   | Reached skill level 14 in Air Magic
 27982 | Lair:4   | Reached skill level 14 in Earth Magic
 27982 | Lair:4   | Reached skill level 14 in Alchemy
 27982 | Lair:4   | Reached XP level 15. HP: 111/126 MP: 0/0
 27982 | Lair:4   | Learned a level 6 spell: Starburst
 28051 | Lair:4   | Identified the +5 spear of Gaeshupre {freeze, rElec}
 28070 | Lair:4   | Reached skill level 18 in Fighting
 28378 | Lair:4   | Found a staircase to the Slime Pits.
 28705 | Lair:5   | Entered Level 5 of the Lair of Beasts
 32956 | Lair:5   | Reached skill level 19 in Fighting
 33821 | Orc:1    | Entered Level 1 of the Orcish Mines
 34007 | Orc:2    | Entered Level 2 of the Orcish Mines
 34640 | Orc:2    | Found Zagga's Gadget Gallery.
 34732 | Orc:2    | Found a staircase to the Elven Halls.
 35198 | Orc:2    | Found Wuataq's Magic Scroll Boutique.
 35202 | Orc:2    | Bought a scroll of blinking for 127 gold pieces
 35261 | Orc:2    | Noticed Donald
 35269 | Orc:2    | Killed Donald
 35277 | Orc:2    | Reached skill level 15 in Spellcasting
 35277 | Orc:2    | Reached skill level 15 in Conjurations
 35277 | Orc:2    | Reached skill level 15 in Hexes
 35277 | Orc:2    | Reached skill level 15 in Summonings
 35277 | Orc:2    | Reached skill level 15 in Necromancy
 35277 | Orc:2    | Reached skill level 15 in Translocations
 35277 | Orc:2    | Reached skill level 15 in Fire Magic
 35277 | Orc:2    | Reached skill level 15 in Ice Magic
 35277 | Orc:2    | Reached skill level 15 in Air Magic
 35277 | Orc:2    | Reached skill level 15 in Earth Magic
 35277 | Orc:2    | Reached skill level 15 in Alchemy
 35806 | Orc:2    | Found Sioqicvi's General Store.
 35809 | Orc:2    | Found Nonyxur's General Store.
 36078 | Orc:2    | Reached XP level 16. HP: 80/135 MP: 0/0
 37262 | Orc:2    | Found Iziuclie's Jewellery Shop.
 37262 | Orc:2    | Found Naec's Antique Armour Boutique.
 37354 | Orc:2    | Found a one-way gate leading to the halls of Pandemonium.
 39653 | D:14     | Reached skill level 20 in Fighting
 39976 | D:14     | Found a gate to the Vaults.
 40586 | D:15     | Entered Level 15 of the Dungeon
 42143 | D:15     | Reached skill level 16 in Spellcasting
 42143 | D:15     | Reached skill level 16 in Conjurations
 42143 | D:15     | Reached skill level 16 in Hexes
 42143 | D:15     | Reached skill level 16 in Summonings
 42143 | D:15     | Reached skill level 16 in Necromancy
 42143 | D:15     | Reached skill level 16 in Translocations
 42143 | D:15     | Reached skill level 16 in Fire Magic
 42143 | D:15     | Reached skill level 16 in Ice Magic
 42143 | D:15     | Reached skill level 16 in Air Magic
 42143 | D:15     | Reached skill level 16 in Earth Magic
 42143 | D:15     | Reached skill level 16 in Alchemy
 42265 | D:15     | Reached XP level 17. HP: 63/145 MP: 0/0
 42265 | D:15     | Learned a level 6 spell: Plasma Beam
 42656 | D:15     | Noticed Rupert
 42664 | D:15     | Killed Rupert
 43883 | D:15     | Found a staircase to the Depths.
 44205 | Snake:1  | Entered Level 1 of the Snake Pit
 44254 | Snake:1  | Reached skill level 21 in Fighting
 44404 | Snake:1  | Found a glacial archway.
 44409 | IceCv    | Entered an ice cave
 45889 | IceCv    | HP: 7/146 [red devil/+0 trident[an obsidian statue] (8)]
 45891 | IceCv    | HP: 3/146 [sun demon[an obsidian statue] (5)]
 45891 | IceCv    | Slain by an anaconda simulacrum

Vanquished Creatures
  Rupert (D:15)
  Gastronok (D:8)
  Donald (Orc:2)
  2 rakshasas
  A great orb of eyes (D:15)
  8 vault guards (D:14)
  A hydra (Lair:5)
  2 ogre magi (D:15)
  3 centaur warriors
  3 demonspawn (Orc:2)
  A death knight (D:14)
  4 catoblepae
  A dancing weapon (Volcano)
  9 boulder beetles
  Erica (D:8)
  3 tengu warriors
  12 two-headed ogres
  10 death yaks
  2 occultists (Volcano)
  Urug (D:13)
  9 orc high priests (Orc:2)
  A shock serpent (Snake:1)
  A naga sharpshooter (Snake:1)
  4 skysharks
  2 sixfirhies (Orc:2)
  A mana viper (Snake:1)
  A sea snake (shapeshifter) (D:15)
  A bog body (IceCv)
  3 spriggan simulacra (IceCv)
  A phantasmal warrior (D:13)
  5 orc knights (Orc:2)
  A lindwurm (Lair:5)
  4 manticores
  An oklob plant (Lair:3)
  3 orc sorcerers
  3 deep elf pyromancers
  6 ugly things
  A faun (Lair:1)
  3 cyclopes
  A merfolk siren (Lair:2)
  5 toenail golems (Volcano)
  2 torpor snails (Lair:2)
  A black mamba (shapeshifter) (D:14)
  6 black mambas
  4 elephants (Lair:2)
  11 cane toads
  A rust devil (Orc:2)
  An efreet (D:13)
  4 rime drakes
  4 yaktaurs (D:15)
  An unseen horror (D:13)
  An ice devil (Orc:2)
  9 komodo dragons
  4 tengu conjurers
  3 freezing wraiths
  3 polar bears
  An alligator simulacrum (IceCv)
  19 blink frogs
  4 dream sheep (Lair:5)
  9 slime creatures
  2 shadows
  Sigmund (D:4)
  4 wraiths
  A water elemental (D:14)
  8 wyverns
  5 humans (Volcano)
  Grum (D:8)
  2 steam dragons
  95 yaks
  7 vampire mosquitoes
  A warg (Orc:2)
  4 basilisks
  5 nagas
  3 minotaur simulacra (IceCv)
  3 acid dragons
  10 water moccasins
  An ice beast (D:7)
  26 orc warriors
  2 black bears
  13 wolves
  A crocodile (Sewer)
  12 ogres
  2 laughing skulls (D:14)
  18 centaurs
  2 kobold brigands (D:9)
  10 bullfrogs
  2 gnoll sergeants (D:7)
  A deep troll simulacrum (IceCv)
  5 scorpions
  6 wights (D:9)
  A hornet simulacrum (D:14)
  16 killer bees
  2 howler monkeys
  4 electric eels
  3 hounds
  28 orc priests
  2 gnoll boudas
  5 jellies (Lair:4)
  2 iguanas (D:5)
  28 orc wizards
  17 hell rats
  15 gnolls
  12 adders
  2 shadow imps
  6 ufetubi
  3 ribbon worms
  A dart slug (D:4)
  83 orcs
  4 bats
  9 endoplasms
  A giant cockroach (D:2)
  9 goblins
  8 hobgoblins
  5 jackals
  10 kobolds
  4 quokkas
  5 ball pythons
  2 frilled lizards
  5 rats
757 creatures vanquished.

Vanquished Creatures (others)
  An electric eel (D:13)
1 creature vanquished.

Grand Total: 758 creatures vanquished

Table legend: (Time is in decaauts)
 A = Elapsed time spent in this place.
 B = Non-inter-level travel time spent in this place.
 C = Inter-level travel time spent in this place.
 D = Time resting spent in this place.
 E = Time spent auto-exploring this place.
 F = Levels seen in this place.
 G = Mean time per level.
                   A        B        C        D        E       F      G
               +--------+--------+--------+--------+--------+-----+--------+
         Total |  46008 |  43844 |   2164 |  11070 |  27005 |  26 | 1769.5 |
       Dungeon |  24650 |  23078 |   1572 |   4164 |  16082 |  15 | 1643.3 |
          Lair |  13662 |  13199 |    463 |   4164 |   7246 |   5 | 2732.4 |
     Snake Pit |    203 |    203 |      0 |     86 |      0 |   1 |  203.0 |
  Orcish Mines |   4426 |   4298 |    128 |    580 |   3194 |   2 | 2213.0 |
         Sewer |    139 |    139 |      0 |      0 |    102 |   1 |  139.0 |
      Ice Cave |   1480 |   1480 |      0 |   1283 |     23 |   1 | 1480.0 |
       Volcano |   1445 |   1445 |      0 |    793 |    358 |   1 | 1445.0 |
               +--------+--------+--------+--------+--------+-----+--------+

Top non-repeatable levels by time:
   Orc:2: 3857 daAuts
  Lair:2: 3679 daAuts
  Lair:5: 3556 daAuts
    D:14: 2745 daAuts
  Lair:4: 2665 daAuts
     D:9: 2523 daAuts
    D:12: 2475 daAuts
    D:15: 2388 daAuts
    D:13: 2307 daAuts
     D:8: 1938 daAuts
     D:7: 1938 daAuts
  Lair:1: 1914 daAuts
  Lair:3: 1846 daAuts
   IceCv: 1480 daAuts
 Volcano: 1445 daAuts

Table legend:
 A = Non-vault XP
 B = Vault XP
 C = Vault XP percentage of total XP
 D = Non-vault monster count
 E = Vault monster count
 F = Vault count percentage of total count
                 A         B        C        D         E       F
            +---------+---------+-------+---------+---------+-------
      Total |  102537 |   69135 |  40.3 |     552 |     206 |  27.2
            +---------+---------+-------+---------+---------+-------
        D:1 |      66 |       0 |   0.0 |      12 |       0 |   0.0
        D:2 |     155 |       0 |   0.0 |      18 |       0 |   0.0
        D:3 |     171 |       0 |   0.0 |      27 |       0 |   0.0
        D:4 |     363 |     220 |  37.7 |      19 |       2 |   9.5
        D:5 |     841 |       0 |   0.0 |      25 |       0 |   0.0
        D:6 |     658 |       0 |   0.0 |      27 |       0 |   0.0
        D:7 |     959 |     243 |  20.2 |      23 |       2 |   8.0
        D:8 |    1742 |    2735 |  61.1 |      24 |       5 |  17.2
        D:9 |    3782 |     856 |  18.5 |      31 |      10 |  24.4
       D:10 |    3086 |       0 |   0.0 |      23 |       0 |   0.0
       D:11 |    3543 |       0 |   0.0 |      17 |       0 |   0.0
       D:12 |    5006 |    1756 |  26.0 |      22 |      13 |  37.1
       D:13 |    6465 |     801 |  11.0 |      24 |       1 |   4.0
       D:14 |    7389 |    7817 |  51.4 |      19 |       9 |  32.1
       D:15 |   18566 |    6472 |  25.8 |      35 |      10 |  22.2
     Lair:1 |    5431 |    1773 |  24.6 |      21 |      16 |  43.2
     Lair:2 |   13411 |    2018 |  13.1 |      45 |       5 |  10.0
     Lair:3 |    7277 |    1138 |  13.5 |      28 |       5 |  15.2
     Lair:4 |    7468 |    1111 |  13.0 |      28 |      10 |  26.3
     Lair:5 |    9594 |   11327 |  54.1 |      27 |      28 |  50.9
    Snake:1 |    2990 |     910 |  23.3 |       7 |       2 |  22.2
      Orc:1 |     791 |       0 |   0.0 |      13 |       0 |   0.0
      Orc:2 |    2783 |   19491 |  87.5 |      37 |      60 |  61.9
      Sewer |       0 |     130 | 100.0 |       0 |       4 | 100.0
      IceCv |       0 |    3862 | 100.0 |       0 |      10 | 100.0
    Volcano |       0 |    6475 | 100.0 |       0 |      14 | 100.0
            +---------+---------+-------+---------+---------+-------
